 Dungeon Crawl Stone Soup version bcrawl-1.31 (webtiles) character file.

Game seed: 14353962403963611729

111449 RaHiT the Firebug (level 3, 0/28 HPs)
             Began as a Djinni Fire Elementalist on Apr 9, 2021.
             Slain by a gnoll
             ... wielding a +0 halberd
              (9 damage)
             ... on level 2 of the Dungeon.
             The game lasted 00:09:27 (1064 turns).

RaHiT the Firebug (Djinni Fire Elementalist)        Turns: 1064, Time: 00:09:28

Health: 0/28       AC:  2    Str: 10    XL:     3   Next: 10%
Magic:  3/8        EV: 12    Int: 18    God:
Gold:   302        SH:  0    Dex:  8    Spells: 6/9 levels left

rFire    . . .     SeeInvis .   l - +2 dagger (drain)
rCold    . . .     Gourm    .   (no shield)
rNeg     . . .     Faith    .   a - +0 robe
rPois    .         Spirit   .   (no helmet)
rElec    .         Reflect  .   (no cloak)
rCorr    .         Harm     .   (no gloves)
MR       .....     Rnd*Rage +   (boots unavailable)
Stlth    +.........             (no amulet)
HPRegen  0.09/turn              f - -3 ring of dexterity (curse)
MPRegen  0.11/turn              (no ring)

@: flying, very slightly contaminated
A: never pass out, berserk 2, blurry vision 2, wild magic 1, MP-powered wands,
floating
a: no special abilities


You were on level 2 of the Dungeon.
You were not hungry.

You visited 1 branch of the dungeon, and saw 2 of its levels.

You collected 302 gold pieces.

Inventory:

Hand Weapons
 l - a +2 dagger of draining (weapon)
 n - a +2 dagger of speed
Missiles
 c - 29 stones (quivered)
Armour
 a - a +0 robe (worn)
Jewellery
 f - a cursed -3 ring of dexterity (left hand)
Scrolls
 g - a scroll of fog {unknown}
 h - 2 scrolls of blinking
 i - a scroll of enchant armour {unknown}
 j - a scroll of immolation {unknown}
 m - a scroll of remove curse {unknown}
Potions
 b - a potion of curing {unknown}
 d - a potion of resistance {unknown}
 e - a potion of haste {unknown}
 k - a potion of ambrosia {unknown}
Comestibles
 o - 4 chunks of flesh


   Skills:
 + Level 1.4 Fighting
 - Level 2.0 Dodging
 - Level 1.5 Stealth
 + Level 3.5 Spellcasting
 + Level 2.0 Conjurations
 + Level 4.0 Fire Magic


You had 6 spell levels left.
You knew the following spells:

 Your Spells              Type           Power        Failure   Level  Hunger
a - Flame Tongue          Conj/Fire      ###..        8%          1    None
b - Flaming Arrows        Chrm/Fire      ##......     16%         2    None

Your spell library contained the following spells:

 Spells                   Type           Power        Failure   Level  Hunger
 Conjure Flame            Conj/Fire      ###.....     21%         3    ####...
 Inner Flame              Hex/Fire       N/A          28%         3    ####...
 Sticky Flame             Conj/Fire      ###.....     50%         4    #####..
 Fireball                 Conj/Fire      ###.......   83%         5    ######.


Dungeon Overview and Level Annotations

Branches:
Dungeon (2/12)

Altars:
Lugonu
Ru


Innate Abilities, Weirdness & Mutations

You never pass out after going berserk.
You often lose your temper in combat.
Scrolls take you longer to read.
Your spells are a little harder to cast, but a little more powerful.
You expend magic power (3 MP) to strengthen your wands.
Your body floats in the air.


Message History

Aim: a gnoll, wielding a +0 halberd (heavily wounded)
The flame tongue hits the gnoll but does no damage.
The gnoll is heavily wounded.
The gnoll closely misses you.
Casting: Flame Tongue (safe; 8% risk of failure)
Confirm with . or Enter, or press ? or * to list all spells.
Aiming: Flame Tongue (safe; 8% risk of failure)
Press: ? - help, Shift-Dir - straight line, f/p - gnoll
Aim: a gnoll, wielding a +0 halberd (heavily wounded)
You miscast Flame Tongue.
You are very lightly contaminated with residual magic.
You feel a strange surge of energy!
Casting: Flame Tongue (safe; 8% risk of failure)
Confirm with . or Enter, or press ? or * to list all spells.
Aiming: Flame Tongue (safe; 8% risk of failure)
Press: ? - help, Shift-Dir - straight line, f/p - gnoll
Aim: a gnoll, wielding a +0 halberd (heavily wounded)
You miscast Flame Tongue.
Strange energies run through your body.
The gnoll hits you from afar with a +0 halberd!
You die...

###..################............
#................#............
######...........##.###.......
#...........##.##........
##.......................
#..........##.###.......
#..........#..###.......
##..........)............
###.....g.@...#†........... ###
##.............#............
##..##..##..........#..).........
...$...###############...........
###>..## ##............ #....##
####............. #.##..######
#.........##.#### #....?.....#
..##>...####.#
###.........................


You could see a gnoll.

Vanquished Creatures
  An ooze (D:1)
  A dart slug (D:2)
  A leopard gecko (D:2)
  2 giant cockroaches
  2 goblins
  7 hobgoblins
  5 kobolds
  A bat (D:1)
  A frilled lizard (D:2)
  2 rats
  A fungus (D:1)
24 creatures vanquished.

Vanquished Creatures (others)
  3 toadstools (D:1)
3 creatures vanquished.

Grand Total: 27 creatures vanquished

Notes
Turn   | Place    | Note
-------+----------+-------------------------------------------
     0 | D:1      | RaHiT the Djinni Fire Elementalist began the quest for the
                  | Orb.
     0 | D:1      | Reached XP level 1. HP: 14/14 MP: 4/4
   387 | D:1      | Reached XP level 2. HP: 22/22 MP: 3/6
   391 | D:1      | Learned a level 2 spell: Flaming Arrows
   639 | D:1      | Reached skill level 1 in Fighting
   852 | D:2      | Reached skill level 4 in Fire Magic
   936 | D:2      | Reached XP level 3. HP: 12/28 MP: 5/8
   970 | D:2      | Found a corrupted altar of Lugonu.
   972 | D:2      | Found a sacrificial altar of Ru.
  1064 | D:2      | Slain by a gnoll

Skill      XL: |  1  2  3 |
---------------+----------+-----
Fighting       | 1 |  1.4
Fire Magic     | 4 |  4.0
Conjurations   | 2 |  2.0
Dodging        | |  2.0
Stealth        | |  1.5
Spellcasting   | |  3.5

Action                   || total
-------------------------++-------
Melee: Unarmed           ||    31
       Dagger            ||     8
Throw: Stone             ||    14
 Cast: Flame Tongue      ||    23
       Flaming Arrows    ||     3
  Use: Scroll            ||     1
  Eat: Ration            ||     1
Dodge: Dodged            ||    13
